[Event "*** SCC Grand Prix: Titled Tuesday Blitz"]
[Site "Chess.com"]
[Date "2020.09.08"]
[Round "2"]
[White "Emp3rador"]
[Black "Taron_Shagbazyan"]
[Result "1/2-1/2"]
[WhiteElo "2473"]
[BlackElo "2676"]
[TimeControl "180+1"]
[EndTime "10:19:05 PDT"]
[Termination "Game drawn by repetition"]

1. e4 e5 2. Nf3 Nc6 3. d4 d6 4. Nc3 Be7 5. Bb5 exd4 6. Qxd4 Bf6 7. Bxc6+ bxc6 8. Qc4 Ne7 9. Bf4 Be6 10. Qd3 Ng6 11.
Bg3 Rb8 12. O-O-O O-O 13. Rhe1 Qc8 14. e5 dxe5 15. Nxe5 Qb7 16. b3 c5 17. Nxg6 hxg6 18. Be5 Bxe5 19. Rxe5 Qxg2 20. Qg3 Qxg3 21. hxg3 c4 22.
Ra5 cxb3 23. axb3 Rb7 24. Ne4 Bf5 25. Nc5 Rb6 26. Rxa7 Rc6 27. b4 Re8 28. Rd2 g5 29. Kb2 g6 30. Kc3 Kg7 31. Rd4 Re2 32. Rd2 Re1 33.
Ra6 Rxa6 34. Nxa6 c6 35. Nc5 g4 36. Nd3 Re4 37. Nc5 Re8 38. Rd4 Kh6 39. Nd3 Re2 40. Rf4 Kg5 41. Rc4 Be4 42. Rc5+ f5 43. Rc4 Kf6 44.
Rc5 Ke7 45. Nf4 Rxf2 46. Nxg6+ Kd6 47. Kd4 Rxc2 48. Rxc2 Bxc2 49. Nf4 Be4 50. Ne2 Bf3 51. Nf4 Bd1 52. Nd3 Bf3 53. Nf4 Ke7 54. Ng6+ Kf6 55. Nf4 Be4 56. Nh5+ Kg5 57. Nf4 Bf3 58. Nd3 Be4 59. Nf4 Kf6 60. Nh5+ Ke6 61. Nf4+ Kd6 62. Ne2 Kc7 63. Kc5 Bf3 64. Nf4 Be4 65. Ng6 Kd7 66. Nf4 Kc7 67. Ne6+ Kd7 68. Nf4 Kc7 1/2-1/2

[Event "*** SCC Grand Prix: Titled Tuesday Blitz"]
[Site "Chess.com"]
[Date "2020.09.08"]
[Round "2"]
[White "OscarAng"]
[Black "MathiasWomacka"]
[Result "1-0"]
[WhiteElo "2235"]
[BlackElo "2417"]
[TimeControl "180+1"]
[EndTime "10:19:05 PDT"]
[Termination "OscarAng won on time"]

1. d4 Nf6 2. Bg5 Ne4 3. Bf4 c5 4. f3 Qa5+ 5. c3 Nf6 6. Nd2 cxd4 7. Nc4 Qd8 8. Qxd4 Nc6 9. Qe3 e6 10. Nd6+ Bxd6 11. Bxd6 Ne7 12. h4 Nf5 13. Qd2 Nd5 14. Bc5 Qc7 15. Bf2 Ng3 16. Rh3 Nxf1 17. Kxf1 Nf6 18.
e4 d5 19. exd5 exd5 20. Re1+ Be6 21. Rg3 Rg8 22. Nh3 O-O-O 23. Qf4 Nh5 24. Qxc7+ Kxc7 25. Rg5 g6 26. g4 Nf6 27. Nf4 Rde8 28. Rge5 Bd7 29.
Rxe8 Rxe8 30. Rxe8 Bxe8 31. g5 Nh5 32. Nxd5+ Kd6 33.
Ne3 a6 34. Nc4+ Ke6 35. Ke2 Bb5 36. Kd3 Kd5 37. b3 Nf4+ 38. Ke3 Ng2+ 39. Kd3 Bxc4+ 40. bxc4+ Ke5 41. Bg3+ Kf5 42. a4 Nf4+ 43. Ke3 Ne6 44. Bd6 f6 45. gxf6 Kxf6 46. Ke4 h5 47. a5 g5 48. hxg5+ Nxg5+ 49. Kf4 Ne6+ 50. Kg3 Kg5 51. Be7+ Kf5 52. Bd6 Kg5 53. Be7+ Kf5 54. Bd6 Nd8 55. Kh4 Nc6 56. Bc7 Ne5 57. f4 1-0

[Event "*** SCC Grand Prix: Titled Tuesday Blitz"]
[Site "Chess.com"]
[Date "2020.09.08"]
[Round "2"]
[White "annacramling"]
[Black "aa175"]
[Result "1-0"]
[WhiteElo "2136"]
[BlackElo "2384"]
[TimeControl "180+1"]
[EndTime "10:19:05 PDT"]
[Termination "annacramling won on time"]

1. d4 Nf6 2. c4 g6 3. Nc3 d5 4.
cxd5 Nxd5 5. e4 Nxc3 6. bxc3 Bg7 7. Qa4+ c6 8. Nf3 O-O 9. Be3 Nd7 10. Rd1 Nb6 11. Qa3 Qd6 12. Qc1 Bg4 13. Be2 f5 14. e5 Qe6 15. Ng5 Qxa2 16. Bxg4 fxg4 17. O-O Qd5 18. Qc2 Nc4 19. Ne4 a5 20. Nc5 b6 21.
Nd3 a4 22. Nf4 Rxf4 23. Bxf4 a3 24. Bg5 e6 25. Ra1 b5 26. Be7 Kf7 27. Bb4 h5 28. Qb3 Nd2 29. Qxd5 exd5 30. Rfd1 Nc4 31. Ra2 Ke6 32.
Rda1 Bf8 33. Bxf8 Rxf8 34. Rxa3 Nxa3 35. Rxa3 Rb8 36. Kf1 b4 37. cxb4 Rxb4 38. Rd3 Rb2 39. h3 Kf5 40. hxg4+ hxg4 41. Rc3 Rb6 42. f3 g3 43. Rc2 Kf4 44. Ke2 Rb4 45. Kd3 Rb3+ 46.
Ke2 Re3+ 47. Kd2 Rb3 48. Rxc6 Rb2+ 49. Rc2 Rb1 50. Kd3 Rd1+ 51. Kc3 Re1 52. Kb4 Ke3 53. Rc3+ Kxd4 54. Rc6 Rb1+ 55. Ka5 Kxe5 56. Rxg6 Kf4 57.
Rf6+ Ke3 58. f4 d4 59. f5 d3 60.
Re6+ Kf2 61. Rd6 1-0

[Event "*** SCC Grand Prix: Titled Tuesday Blitz"]
[Site "Chess.com"]
[Date "2020.09.08"]
[Round "2"]
[White "tigra"]
[Black "wadsy27"]
[Result "1-0"]
[WhiteElo "2859"]
[BlackElo "2550"]
[TimeControl "180+1"]
[EndTime "10:19:07 PDT"]
[Termination "tigra won by resignation"]

1. e4 c5 2. Nf3 e6 3. d4 cxd4 4. Nxd4 Nc6 5. Nc3 Qc7 6. a3 a6 7. Be3 b5 8. Bd3 Bb7 9. O-O Nf6 10. Qe2 Nxd4 11. Bxd4 Bc5 12. Bxf6 gxf6 13. Kh1 O-O-O 14.
a4 b4 15. Nb1 Qc6 16. Nd2 f5 17. f3 fxe4 18. Nxe4 Be7 19. c3 b3 20. Nd2 h5 21. Nxb3 h4 22. Na5 Qb6 23. Nxb7 Kxb7 24. a5 Qc6 25. b4 h3 26. g3 d5 27. c4 dxc4 28. Be4 Rd5 29. Rac1 Rc8 30. Bxd5 Qxd5 31. Rc3 Bf6 32. Rd1 Bxc3 33. Rxd5 exd5 34. Qe7+ Rc7 35. Qd6 d4 36. Qb6+ Kc8 37. Qxa6+ Kd7 38. Qb5+ Kd6 39. a6 d3 40. Qb6+ Kd7 41. Qb5+ Kd6 42. a7 d2 43. Qb6+ Kd7 44. a8=Q d1=Q+ 45. Qg1 Qxg1+ 46. Kxg1 Bd4+ 47.
Kf1 c3 48. Qd5+ Kc8 49. Qf5+ Kb7 50. Qe4+ Kb8 51. Qc2 Ra7 52. Ke2 Ra1 53. Kd3 Bf6 54. Kc4 Rg1 55. Qe2 Rg2 56. Qe8+ Kc7 57. Qxf7+ Kc8 58.
Qxf6 c2 59. Qf5+ Kb7 60. Qe4+ Kc8 61. Qc6+ Kb8 62. Kb5 1-0

[Event "*** SCC Grand Prix: Titled Tuesday Blitz"]
[Site "Chess.com"]
[Date "2020.09.08"]
[Round "2"]
[White "ARTHURMOTIVATOR"]
[Black "ShapkinAnatoliy"]
[Result "0-1"]
[WhiteElo "2344"]
[BlackElo "2658"]
[TimeControl "180+1"]
[EndTime "10:19:07 PDT"]
[Termination "ShapkinAnatoliy won on time"]

1. e4 e5 2. Nc3 Nf6 3. g3 d5 4. exd5 Nxd5 5. Bg2 Nf6 6. d3 h6 7. Nf3 Nc6 8. O-O Bc5 9. h3 O-O 10. Re1 Re8 11. Be3 Nd4 12. Ne4 Nxe4 13. dxe4 Nxf3+ 14. Qxf3 Bxe3 15. Qxe3 Be6 16. Rad1 Qe7 17. a3 a5 18. Rd2 Red8 19. Red1 Rxd2 20. Qxd2 Qc5 21. g4 Qe7 22. Bf1 Qg5 23. Qxg5 hxg5 24. Kg2 Kf8 25. Kg3 Ke7 26. h4 gxh4+ 27. Kxh4 Rh8+ 28. Kg3 g5 29. Be2 c6 30. Bf3 a4 31. Be2 b5 32. Kg2 Rb8 33. Rd2 c5 34. c3 b4 35. cxb4 cxb4 36. axb4 Rxb4 37. f3 Bb3 38. Kf2 Rb8 39. Ke3 Rc8 40. Bd1 Bxd1 41. Rxd1 Rb8 42. Ra1 Rb3+ 43. Kf2 Rxb2+ 44.
Kg3 Rb4 45. Ra3 Ke6 46. Kf2 Kd6 47. Ke2 Kc5 48. Kd2 Rc4 49. Kd3 Kb4 50. Ra1 Rd4+ 51. Ke3 a3 52. Rb1+ Kc3 53. Rb8 Ra4 54. Rc8+ Kb2 55.
Rb8+ Kc2 56. Rc8+ Kb3 57. Rb8+ Rb4 58. Ra8 a2 59. Kd3 Rd4+ 60. Ke3 Ra4 61. Rb8+ Ka3 0-1

[Event "*** SCC Grand Prix: Titled Tuesday Blitz"]
[Site "Chess.com"]
[Date "2020.09.08"]
[Round "2"]
[White "talyamania"]
[Black "ChadaevNikolay"]
[Result "1/2-1/2"]
[WhiteElo "2349"]
[BlackElo "2811"]
[TimeControl "180+1"]
[EndTime "10:19:07 PDT"]
[Termination "Game drawn by repetition"]

1. e4 c5 2. Nf3 e6 3. d4 cxd4 4.
Nxd4 a6 5. Bd3 Bc5 6. Nb3 Be7 7. Qg4 Bf6 8. c4 Ne7 9. O-O Nbc6 10. Qe2 O-O 11.
Nc3 d6 12. Be3 Nb4 13. Rad1 Qc7 14. Bb1 Rd8 15. f4 b6 16. Rc1 Bb7 17. a3 Nbc6 18. Nd5 exd5 19. cxd5 Qb8 20. dxc6 Bxc6 21. Bd4 Bb5 22.
Bd3 Bxd4+ 23. Nxd4 Bxd3 24. Qxd3 Qb7 25. Rfd1 Rac8 26.
f5 Rxc1 27. Rxc1 Rc8 28. Rf1 Nc6 29. Nxc6 Qxc6 30. f6 Qc5+ 31. Kh1 Qc4 32. Qf3 Qe6 33. fxg7 Rc4 34. h3 Rxe4 35. Qc3 Re2 36. Qd3 Rxb2 37.
Qxa6 Kxg7 38. Qa8 d5 39. Qd8 Qg6 40. Rg1 Qf5 41. Qh4 Re2 42. Qd4+ Kg6 43. Qxb6+ Re6 44. Qd4 Re4 45. Qd3 Ra4 46. Qg3+ Qg5 47. Qd3+ Kg7 48. Qc3+ d4 49. Qb3 Ra5 50. Rf1 Qd5 51. Qg3+ Qg5 52.
Qb3 Rd5 53. Qd3 Qg6 54. Qf3 Rd6 55. Qf4 d3 56. Qe5+ Rf6 57. Qd4 d2 58. Rxf6 Qxf6 59. Qxd2 Qa1+ 60. Kh2 Qxa3 61. Qg5+ Kf8 62. Qd8+ Kg7 63.
Qg5+ Kh8 64. Qd8+ Kg7 65. Qg5+ 1/2-1/2

[Event "*** SCC Grand Prix: Titled Tuesday Blitz"]
[Site "Chess.com"]
[Date "2020.09.08"]
[Round "2"]
[White "Snowflake"]
[Black "chessfrendz"]
[Result "1-0"]
[WhiteElo "2490"]
[BlackElo "2275"]
[TimeControl "180+1"]
[EndTime "10:19:10 PDT"]
[Termination "Snowflake won on time"]

1. d4 e6 2. Nf3 d5 3. c4 Nf6 4. g3 c6 5. Bg2 dxc4 6. O-O Be7 7. a4 O-O 8. Na3 b6 9. Nxc4 Bb7 10. a5 c5 11. Bf4 Nbd7 12. a6 Bc6 13. Nce5 Nxe5 14.
Bxe5 Ng4 15. dxc5 Bxc5 16. Bc3 Qxd1 17. Raxd1 Rad8 18. Rxd8 Rxd8 19. h3 Nxf2 20. Rxf2 Rd1+ 21. Bf1 Bb5 22. Kg2 Bxf2 23. Kxf2 Bxa6 24. Ne5 Bb5 25. Bg2 f6 26. Ng4 Kf7 27. Ne3 Rd7 28.
Nc2 e5 29. Nb4 Bc4 30. Be4 g6 31. g4 a5 32. Nc2 Ke6 33. Ne3 Bb3 34. Bc6 Ra7 35. Kf3 a4 36. Bb4 Ba2 37. Bb5 Bd5+ 38. Kg3 Bb3 39. h4 f5 40. gxf5+ gxf5 41. Kf2 f4 42.
Nf1 e4 43. e3 f3 44. Nd2 Bd5 45. Ba3 Ra8 46. Bc4 Rg8 47. Bf1 Rg6 48. Nb1 Rh6 49. Nc3 Rxh4 50. Nxa4 Rh2+ 51. Kg3 Rd2 52. Nc3 Bc6 53.
Bh3+ Ke5 54. Bf1 Rc2 55. Bf8 Rxb2 56. Bg7+ Ke6 57. Nxe4 1-0

[Event "*** SCC Grand Prix: Titled Tuesday Blitz"]
[Site "Chess.com"]
[Date "2020.09.08"]
[Round "2"]
[White "teacher4chess"]
[Black "maxip32"]
[Result "0-1"]
[WhiteElo "2079"]
[BlackElo "2382"]
[TimeControl "180+1"]
[EndTime "10:19:10 PDT"]
[Termination "maxip32 won by checkmate"]

1. d4 Nf6 2. c4 g6 3. Nc3 Bg7 4. e4 d6 5. f3 O-O 6. Be3 Nc6 7.
Nge2 a6 8. Qd2 Na5 9. Nc1 Nd7 10. d5 c5 11. Nb3 Nxb3 12. axb3 Ne5 13. Be2 f5 14.
exf5 gxf5 15. Bh6 Qe8 16. Qg5 Qg6 17. Qxg6 hxg6 18. Bxg7 Kxg7 19. Kd2 Bd7 20. f4 Nf7 21.
h4 Rh8 22. g3 Kf6 23. Bf3 Rab8 24. Rh2 Bc8 25. Re1 b5 26. Kc2 bxc4 27. bxc4 Rb4 28. b3 Rh7 29. Rhe2 Nh6 30. Na2 Rb6 31. Kc3 Ng8 32. b4 cxb4+ 33. Nxb4 a5 34. Nc6 a4 35.
Rb2 Rxb2 36. Kxb2 Bd7 37. Nd4 Nh6 38. Ka3 Rh8 39. Nb5 Rc8 40. Rc1 e5 41. fxe5+ dxe5 42. Nd6 Rb8 43. c5 Rb3+ 44. Ka2 Rxf3 45. c6 Ke7 46. cxd7 Kxd7 47. Nc4 Nf7 48. Nb6+ Ke8 49. Rc8+ Ke7 50. Rc7+ Kf8 51. Nd7+ Kg8 52. Nf6+ Kg7 53. Ne8+ Kf8 54. Nf6 e4 55. Nh7+ Ke8 56. Nf6+ Kf8 57. Nh7+ Kg8 58. Nf6+ Kg7 59. d6 Kxf6 60. d7 Nd8 61.
Rc8 Ke7 62. Ra8 e3 63. Rxa4 e2 64. Ra5 e1=Q 65. Re5+ Qxe5 66. h5 Qe2+ 67. Kb1 Rf1# 0-1

[Event "*** SCC Grand Prix: Titled Tuesday Blitz"]
[Site "Chess.com"]
[Date "2020.09.08"]
[Round "2"]
[White "Sanyura"]
[Black "rpragchess"]
[Result "0-1"]
[WhiteElo "2541"]
[BlackElo "2845"]
[TimeControl "180+1"]
[EndTime "10:19:12 PDT"]
[Termination "rpragchess won by resignation"]

1. Nf3 Nf6 2. c4 b6 3. g3 Bb7 4. Bg2 c5 5. O-O g6 6. Nc3 Bg7 7. d3 O-O 8. e4 d6 9. Be3 Nc6 10. h3 Rc8 11. Qd2 Nd7 12. Bh6 e5 13. Rae1 a6 14.
Nh2 Nd4 15. Bxg7 Kxg7 16. Ng4 Qe7 17. Qh6+ Kg8 18. f4 f6 19. f5 Qg7 20. Qh4 g5 21.
Qh5 Bc6 22. h4 gxh4 23. Qxh4 Kf7 24. Kf2 Ke7 25. Rh1 Rh8 26. Bf3 h5 27. Ne3 Rcg8 28. Ncd5+ Kd8 29. Reg1 Qh6 30. g4 Bxd5 31. cxd5 Qf4 32.
Qg3 hxg4 33. Rxh8 Rxh8 34. Qxf4 exf4 35. Nxg4 Ke7 36. Rh1 Rxh1 37. Bxh1 b5 38. Bf3 Kf7 39. Be2 a5 40. Bd1 Kg7 41. Nh2 Ne5 42. Ng4 Nxd3+ 43. Kf1 Nxb2 44. Bf3 Nc4 45. Kf2 Ne5 46. Bd1 Nxg4+ 47.
Bxg4 Kh6 48. Bd1 Kg5 49. Kg2 c4 50. Kf2 c3 51. e5 fxe5 52. f6 Kxf6 0-1

[Event "*** SCC Grand Prix: Titled Tuesday Blitz"]
[Site "Chess.com"]
[Date "2020.09.08"]
[Round "2"]
[White "gross-aleks"]
[Black "Thereisnof0rk"]
[Result "0-1"]
[WhiteElo "2598"]
[BlackElo "2235"]
[TimeControl "180+1"]
[EndTime "10:19:12 PDT"]
[Termination "Thereisnof0rk won on time"]

1. e4 c5 2. Nf3 d6 3. d4 Nf6 4.
Nc3 cxd4 5. Nxd4 a6 6. Be2 g6 7. Be3 Bg7 8. Qd2 b5 9. Bh6 Bxh6 10. Qxh6 Bb7 11. f3 b4 12. Nd1 Qb6 13. Qe3 Nbd7 14. a3 a5 15. axb4 axb4 16. Rxa8+ Bxa8 17. Nb5 Bc6 18. Qxb6 Nxb6 19. c3 bxc3 20. Ndxc3 Kd7 21. Nd4 Rb8 22. Nxc6 Kxc6 23. Kd2 Nbd7 24. Rb1 Rb4 25. Na2 Ra4 26. Nc3 Rb4 27. Kc2 Nc5 28. Ra1 Rb7 29. Ra5 Nfd7 30. Nd5 e6 31. Ne3 Kb6 32. Rb5+ Kc7 33.
Rxb7+ Nxb7 34. b4 Nb6 35. Kb3 d5 36. exd5 exd5 37. Kc3 Kd6 38. Bb5 Nd8 39. Nc2 Ne6 40. Nd4 Nf4 41. g3 Nh5 42. Kd3 f5 43. Ne2 Nf6 44.
h3 Nfd7 45. Kd4 Nf6 46. Nf4 Nc8 47. h4 Ne7 48. Ba4 h6 49. Nd3 g5 50. hxg5 hxg5 51.
b5 g4 52. fxg4 fxg4 53. b6 Ne4 54. Ke3 Nf5+ 55. Kf4 Nd4 56. Kxg4 Ne6 57. Kh4 Nc3 58. Bb3 Kc6 0-1

[Event "*** SCC Grand Prix: Titled Tuesday Blitz"]
[Site "Chess.com"]
[Date "2020.09.08"]
[Round "2"]
[White "Sibelephant"]
[Black "kingnb"]
[Result "1-0"]
[WhiteElo "3120"]
[BlackElo "2603"]
[TimeControl "180+1"]
[EndTime "10:19:13 PDT"]
[Termination "Sibelephant won by resignation"]

1. d4 Nf6 2. c4 g6 3. Nc3 Bg7 4. e4 d6 5. f3 O-O 6. Nge2 e5 7. Bg5 h6 8. Be3 Nbd7 9. Qd2 h5 10. d5 a5 11. Nc1 Nc5 12. Be2 c6 13. O-O cxd5 14.
cxd5 Bd7 15. Nd3 b6 16. Rab1 h4 17. Nf2 Nh5 18. Bb5 Bxb5 19. Nxb5 Qd7 20. Nc3 f5 21. Nh3 f4 22. Bf2 Bf6 23. Qe2 g5 24. Be1 Rfc8 25.
Nf2 Bd8 26. Ng4 Kg7 27. Bf2 Nf6 28. Nxf6 Kxf6 29. h3 a4 30. Rfc1 Ra5 31. b4 axb3 32.
axb3 Ra3 33. Qb5 Qa7 34. Na4 Ke7 35. Rc2 Ra8 36. Nxc5 bxc5 37. b4 Qb8 38. bxc5 Qxb5 39. Rxb5 Ra1+ 40. Kh2 Rf1 41. Rb7+ Kf6 42. g3 Rxf2+ 43.
Rxf2 fxg3+ 44. Kg2 gxf2 45. cxd6 Ra2 46. Rb8 Ba5 47.
Rf8+ Kg7 48. Ra8 Kf7 49. d7 f1=Q+ 50. Kxf1 Ra1+ 51. Kg2 Ra2+ 52. Kf1 Ra1+ 53. Ke2 Ra2+ 54. Kd3 Rd2+ 55. Ke3 Ra2 56. Rxa5 Rxa5 57. d8=Q 1-0

[Event "*** SCC Grand Prix: Titled Tuesday Blitz"]
[Site "Chess.com"]
[Date "2020.09.08"]
[Round "2"]
[White "MustafayevFarid2004"]
[Black "GukeshDommaraju"]
[Result "0-1"]
[WhiteElo "2503"]
[BlackElo "2753"]
[TimeControl "180+1"]
[EndTime "10:19:13 PDT"]
[Termination "GukeshDommaraju won by resignation"]

1. d4 d5 2. Nf3 Nf6 3. g3 g6 4. Bg2 Bg7 5. O-O O-O 6. c4 c6 7. Nc3 dxc4 8. a4 a5 9. e4 Bg4 10. h3 Bxf3 11. Bxf3 Na6 12. Be3 Nb4 13. Qe2 Nd7 14.
Rad1 Qc7 15. Qxc4 Rfd8 16. Qe2 Nb6 17. Bg2 e5 18. d5 cxd5 19. Nb5 Qc4 20. Qxc4 Nxc4 21.
exd5 Nxb2 22. Rc1 Nxa4 23. d6 Bf8 24. Rfd1 Nb2 25. Rd2 N2d3 26. Bb6 Rd7 27. Rc7 Rad8 28. Bxb7 Bxd6 29. Rxd7 Rxd7 30. Nxd6 Rxd6 31. Bxa5 Rd4 32.
Ba6 Nxa6 33. Bc3 Rd5 34. Bxe5 Nac5 35. Bc3 Ne4 36. Rc2 Nxc3 37. Rxc3 Ne5 38. Kg2 Nd7 39.
Rc8+ Kg7 40. Rc6 Nf6 41. Kf3 Rf5+ 42. Kg2 Ne4 43. Rc2 Rxf2+ 44. Rxf2 Nxf2 45. Kxf2 f5 46. Kf3 Kf6 47. h4 Ke5 48. Ke3 h6 49. Kf3 g5 50.
hxg5 hxg5 51. Ke3 Kd5 52. Kd3 Ke5 53. Ke3 g4 54. Kf2 Kd4 55. Ke2 Ke4 56. Kf2 Kd3 57.
Kf1 Ke3 58. Kg1 Ke2 0-1

[Event "*** SCC Grand Prix: Titled Tuesday Blitz"]
[Site "Chess.com"]
[Date "2020.09.08"]
[Round "2"]
[White "j_coca"]
[Black "Gusarov91"]
[Result "1-0"]
[WhiteElo "2332"]
[BlackElo "2621"]
[TimeControl "180+1"]
[EndTime "10:19:13 PDT"]
[Termination "j_coca won by checkmate"]

1. f4 c6 2. Nf3 d5 3. e3 Bg4 4.
d4 Nd7 5. Bd3 e6 6. O-O Ngf6 7.
Nbd2 c5 8. c3 Bd6 9. h3 Bf5 10.
Qe2 Bxd3 11. Qxd3 Qb6 12. Kh1 h5 13. Ne5 Rc8 14. a3 a5 15. Rb1 a4 16. Ndf3 Ne4 17.
Kh2 Ndf6 18. Bd2 Ng4+ 19. Kg1 c4 20. Qc2 Nxe5 21. fxe5 Be7 22. Be1 Qb3 23. Qe2 Bxa3 24. Bh4 Be7 25. Bxe7 Kxe7 26. h4 Ng3 27. Qf2 Nxf1 28.
Rxf1 f6 29. exf6+ gxf6 30. e4 Rhf8 31. exd5 exd5 32. Qe2+ Kd6 33. Nh2 Rce8 34. Qxh5 Qxb2 35. Nf3 Qxc3 36. Rb1 Kc6 37. Qh7 Rb8 38. Qe7 b5 39. Qc5+ Kd7 40. Qxd5+ Kc7 41. Qc5+ Kb7 42. Rxb5+ Ka6 43. Qc6+ Ka7 44. Qc7+ Ka6 45. Qc6+ Ka7 46.
Qc7+ Ka6 47. Rc5 Rb6 48. d5 a3 49. Rc6 Qe3+ 50. Kh2 a2 51. Qd6 a1=Q 52. Rxb6+ Qxb6 53. Qxf8 Qc1 54. Qa8+ Kb5 55. Qa2 Qc7+ 56. Kh3 Qh1+ 57.
Kg4 Qd7+ 58. Kh5 Qh7+ 59. Kg4 Qg6+ 60. Kf4 Qc1+ 61. Nd2 c3 62. Qb3+ Ka5 63. Qa2+ Kb4 64. Qc4+ Ka3 65. Qb3# 1-0

[Event "*** SCC Grand Prix: Titled Tuesday Blitz"]
[Site "Chess.com"]
[Date "2020.09.08"]
[Round "2"]
[White "GM_Levan_Pantsulaia"]
[Black "Machidon"]
[Result "1-0"]
[WhiteElo "2864"]
[BlackElo "2551"]
[TimeControl "180+1"]
[EndTime "10:19:14 PDT"]
[Termination "GM_Levan_Pantsulaia won by resignation"]

1. Nf3 Nf6 2. g3 d5 3. Bg2 g6 4. c4 c6 5. b3 Bg7 6. Bb2 O-O 7. d3 a5 8. Nbd2 Na6 9. a3 Bf5 10. O-O Qc8 11. Rc1 Bh3 12. Bxf6 Bxf6 13. cxd5 Bxg2 14. Kxg2 Bb2 15. Rb1 Bxa3 16. Nc4 Bc5 17. dxc6 Qxc6 18. Nxa5 Qd7 19. Nc4 Nb4 20. Ra1 Nc6 21. Qd2 Bd4 22. Nxd4 Qxd4 23. Rxa8 Rxa8 24. Rc1 b5 25. Ne3 Ne5 26. Qc3 Qd6 27. Qc5 Ra2 28. Qxd6 exd6 29. Rc2 Ra3 30. b4 Rb3 31. Nd5 Kg7 32. f4 Ng4 33. Rc6 Rb2 34. h3 Nh6 35. Kf3 Nf5 36.
e3 h5 37. g4 hxg4+ 38. hxg4 Nh4+ 39. Kg3 g5 40. fxg5 Ng6 41. d4 Nf8 42. Rxd6 Ne6 43. g6 Ng5 44. Kf4 Ne6+ 45. Ke5 Kxg6 46. Nf4+ Kg5 47.
Nxe6+ fxe6 48. Kxe6 Rxb4 49. e4 Kxg4 50. e5 Kf4 51. Kf6 Rb2 52. e6 Rh2 53. Kg7 Rg2+ 54.
Kf7 1-0

[Event "*** SCC Grand Prix: Titled Tuesday Blitz"]
[Site "Chess.com"]
[Date "2020.09.08"]
[Round "2"]
[White "DinaBelenkaya"]
[Black "banane_verte"]
[Result "1-0"]
[WhiteElo "2286"]
[BlackElo "2459"]
[TimeControl "180+1"]
[EndTime "10:19:14 PDT"]
[Termination "DinaBelenkaya won by resignation"]

1. e4 e6 2. Qe2 c5 3. g3 g6 4. Nf3 Bg7 5. Bg2 Ne7 6. c3 O-O 7. h4 f5 8. e5 d6 9. d4 cxd4 10. cxd4 Nbc6 11. h5 dxe5 12. hxg6 hxg6 13. dxe5 Nxe5 14.
Nxe5 Qa5+ 15. Nc3 Qxe5 16. Be3 Nd5 17. Nxd5 exd5 18. Bh6 Qxe2+ 19. Kxe2 Be6 20. Rac1 Rfc8 21.
Bxg7 Kxg7 22. Kd3 Rc6 23. Rhe1 Kf6 24. b4 Rac8 25. Rxc6 Rxc6 26. Rh1 Ra6 27. Ra1 Ke5 28. a4 Rc6 29. Re1+ Kd6 30. Rh1 Rc4 31. Rh6 Rxb4 32. Rxg6 Rxa4 33. Bh3 Ra3+ 34. Kd4 Ra4+ 35. Kd3 Ra6 36.
Bxf5 Ke5 37. Bxe6 Rxe6 38. f4+ Kd6 39. Rg7 Re7 40. Rg6+ Kc5 41. f5 Re1 42. f6 Rf1 43.
Ke2 Rf5 44. g4 Rf4 45. g5 d4 46. Rg7 Kc4 47. f7 d3+ 48. Ke3 Rf1 49. g6 Kc3 50. Rg8 d2 51. Rc8+ Kb2 52. Kxd2 Rf2+ 53. Ke3 Rf6 54. Ke4 Re6+ 55. Kd5 Rxg6 56. f8=Q Rg5+ 57.
Ke6 Rg6+ 58. Ke5 Rg2 59. Ke6 Re2+ 60. Kd5 Rd2+ 61. Ke4 Rc2 62. Kd3 Rh2 63. Qf6+ Kb3 64. Qe6+ Ka3 65. Qd6+ Ka4 66. Qxh2 1-0

[Event "*** SCC Grand Prix: Titled Tuesday Blitz"]
[Site "Chess.com"]
[Date "2020.09.08"]
[Round "2"]
[White "chessbia"]
[Black "kot60"]
[Result "0-1"]
[WhiteElo "2170"]
[BlackElo "2413"]
[TimeControl "180+1"]
[EndTime "10:19:15 PDT"]
[Termination "kot60 won by resignation"]

1. d4 Nf6 2. c4 e5 3. Nc3 exd4 4. Qxd4 Nc6 5. Qd2 Bb4 6. Nf3 Ne4 7. Qc2 Bxc3+ 8. bxc3 Qe7 9. e3 d6 10. Bd3 Nc5 11. Be2 O-O 12. O-O Na5 13. Ba3 b6 14. Bb4 Nab7 15. Nd4 a5 16. Ba3 h6 17. Rae1 Nd8 18. Bf3 Bb7 19. Bd5 Qg5 20. f4 Qh5 21. Bf3 Bxf3 22. Rxf3 Re8 23. Bxc5 bxc5 24. Nf5 g6 25.
Ng3 Qg4 26. h3 Qe6 27. Qd3 Qf6 28. Kh2 Ne6 29. Re2 Ng7 30. e4 Qh4 31. e5 dxe5 32.
Rxe5 Rxe5 33. fxe5 Re8 34. Qe3 Qg5 35. Qxc5 Qxe5 36.
Qf2 Re7 37. Kg1 Qe1+ 38. Qxe1 Rxe1+ 39. Kh2 Re7 40. c5 Re5 41. c6 Rc5 42. Ne4 Rxc6 43. Nf6+ Kf8 44. Nd7+ Ke7 45. Ne5 Rf6 46. Rd3 Rd6 47. Re3 Re6 48. Nc6+ Kd6 49. Rxe6+ Nxe6 50. Nxa5 Kc5 51. g4 Nf4 52. Kg3 Ne2+ 53. Kf3 Nxc3 54. h4 Nxa2 55. Nb3+ Kd5 56. Nd2 h5 57. gxh5 gxh5 58.
Ne4 Nb4 59. Nf6+ Ke6 60. Nxh5 Nd5 61. Ng3 Nf6 62. Kf4 c5 63. Nf5 Nh5+ 64. Kg5 Nf6 65. Ne3 Ke5 66. Nc4+ Ke6 67. Ne3 Ke5 68. h5 Nxh5 69.
Kxh5 Ke4 70. Nc4 f5 71. Kh4 f4 72. Kh3 Kd3 73. Ne5+ Ke2 74. Kh2 f3 75. Kg1 f2+ 0-1

[Event "*** SCC Grand Prix: Titled Tuesday Blitz"]
[Site "Chess.com"]
[Date "2020.09.08"]
[Round "2"]
[White "emiliocordova"]
[Black "FLamps8"]
[Result "1-0"]
[WhiteElo "2776"]
[BlackElo "2514"]
[TimeControl "180+1"]
[EndTime "10:19:16 PDT"]
[Termination "emiliocordova won on time"]

1. d4 Nf6 2. Nf3 g6 3. c4 Bg7 4.
g3 d6 5. Bg2 O-O 6. O-O Nc6 7.
Nc3 a6 8. h3 Rb8 9. Be3 b5 10.
Nd2 Bd7 11. Rc1 e5 12. d5 Ne7 13. Nce4 Nxe4 14. Nxe4 bxc4 15. Qd2 Nf5 16. Rc2 Nxe3 17. Qxe3 f5 18. Nd2 f4 19. Qa3 fxg3 20. Qxg3 Rf4 21. e3 Rf5 22. Nxc4 Rg5 23. Qf3 e4 24. Qd1 Bxh3 25. f4 exf3 26. Qxf3 Bf5 27. e4 Bd4+ 28. Ne3 Qe7 29. exf5 Bxe3+ 30. Kh1 Rxf5 31. Qg4 Rbf8 32. Rxf5 Rxf5 33. Re2 Re5 34. Bh3 Kg7 35. Qc8 Rxd5 36.
Be6 Rh5+ 37. Rh2 Rxh2+ 38. Kxh2 Bf4+ 39. Kh3 Kh6 40. Qg8 Be5 41. b3 Qf6 42. Qf7 Qxf7 43. Bxf7 Kg5 44. b4 h6 45. Bc4 Kf4 46. Bxa6 Ke4 47.
Bb7+ Kd4 48. b5 Kc5 49. Bc6 d5 50. Be8 g5 51. a4 d4 52. Bg6 Kb4 53. Bc2 Ka5 54.
Bd1 Kb4 55. Kg4 Bg7 56. Kh5 Bf8 57. Kg4 d3 58. Kh5 Kc3 59. a5 Kd2 60. Bf3 Ke1 61. b6 cxb6 62. a6 d2 63. a7 d1=Q 64. Bxd1 Kxd1 65.
a8=Q Bc5 66. Qd5+ 1-0

[Event "*** SCC Grand Prix: Titled Tuesday Blitz"]
[Site "Chess.com"]
[Date "2020.09.08"]
[Round "2"]
[White "Mikheev1976"]
[Black "jucAxx"]
[Result "1-0"]
[WhiteElo "2374"]
[BlackElo "2029"]
[TimeControl "180+1"]
[EndTime "10:19:21 PDT"]
[Termination "Mikheev1976 won by resignation"]

1. d4 f5 2. Nf3 Nf6 3. g3 d6 4. Bg2 c6 5. O-O Qc7 6. b3 e5 7. dxe5 dxe5 8. Bb2 Nbd7 9. Nbd2 e4 10. Nd4 Ne5 11.
e3 Bc5 12. Qe2 O-O 13. Nc4 Nf7 14. a4 Bd7 15. Rfd1 Ng4 16. Bh3 Ng5 17. Bg2 Rad8 18. h3 Nf6 19. Rd2 f4 20. exf4 Bxd4 21. Bxd4 Nxh3+ 22. Kf1 Bg4 23. Qe3 b6 24. Ne5 c5 25. Bc3 Rxd2 26. Bxd2 Rd8 27. Nxg4 Nxg4 28. Qe2 Nh2+ 29. Ke1 Qf7 30. Bxh3 Nf3+ 31. Kf1 Nxd2+ 32. Kg2 Qd5 33.
Rd1 e3+ 34. f3 Re8 35. c4 Qf7 36. Qd3 g5 37. f5 Qf6 38. Re1 Qd4 39. Qe2 Nxb3 40.
Bg4 Qd2 41. f6 Kf7 42. Bh5+ Kf8 43. Bxe8 Kxe8 44. Qxd2 Nxd2 45. Rxe3+ Kf7 46. Rd3 Nxc4 47. Rd7+ Kxf6 48. Rxa7 h5 49. Kf2 h4 50. gxh4 gxh4 51. Rh7 Nb2 52. Rxh4 Ke5 53. Ke3 Nd1+ 54. Kd2 Nb2 55.
Kc3 Nd1+ 56. Kc4 Kd6 57. Kb5 Ne3 58. Rh6+ Kd5 59. Kxb6 c4 60. a5 Nf5 61. Rc6 Nd4 62.
Rc8 Nxf3 63. a6 Nd4 64. a7 Nc6 65. a8=Q 1-0

[Event "*** SCC Grand Prix: Titled Tuesday Blitz"]
[Site "Chess.com"]
[Date "2020.09.08"]
[Round "2"]
[White "ShahMatKanal"]
[Black "mbojan"]
[Result "1/2-1/2"]
[WhiteElo "2533"]
[BlackElo "2800"]
[TimeControl "180+1"]
[EndTime "10:19:22 PDT"]
[Termination "Game drawn - insufficient material"]

1. d4 Nf6 2. c4 c5 3. e3 g6 4. Nf3 Bg7 5. Nc3 O-O 6. d5 e6 7. dxe6 fxe6 8. Be2 Nc6 9. O-O d5 10. cxd5 exd5 11. h3 Kh8 12. Bd2 Be6 13. Bd3 Qe7 14. Rc1 Rac8 15. Na4 b6 16. Ba6 Rc7 17. Qe2 Ne4 18. Nc3 Nxd2 19. Nxd2 d4 20. Nb5 Rd7 21. exd4 Nxd4 22. Nxd4 Bxd4 23. Nf3 Bf6 24. Rfe1 Bd5 25. Ne5 Bxe5 26. Qxe5+ Qxe5 27. Rxe5 Bg8 28. b3 Rd2 29. Re2 Rfd8 30. Rce1 Rxe2 31. Rxe2 Rd7 32. Bb5 Rc7 33. f4 Kg7 34. Kf2 Kf6 35. g4 h6 36. Kg3 Bf7 37.
h4 g5 38. hxg5+ hxg5 39. f5 Re7 40. Rxe7 Kxe7 41. Kf3 Bd5+ 42. Ke3 Kf6 43. Bc4 Bb7 44. a3 Ke5 45. b4 cxb4 46. axb4 a5 47. bxa5 bxa5 48.
Bb5 Bd5 49. Ba4 Bc4 50. Kf3 Ba2 51. Ke3 Bd5 52. Bb5 Bb3 53. Kd2 Kf4 54. Be2 a4 55. Kc3 Ke3 56. Bb5 Kf3 57. f6 Bf7 58. Bc4 Bg6 59. f7 Bxf7 60. Bxf7 Kxg4 61. Be6+ Kf4 62. Kb4 g4 63. Bxg4 Kxg4 64. Kxa4 1/2-1/2